Map: Frostline LE

Players

Humanity

  • Race: Terran Terran
  • League: Gold
  • Spawn Location: 7:00

wootwoot - Winner!

  • Race: Protoss Protoss
  • League: Platinum
  • Spawn Location: 1:00

VOD

Have the link to the VOD?

Description

Time

  • Played on: April 21, 2025, 3:21 p.m.
  • Length: 3:25
Show
View Real Time Build Order
Export as new Build Order

Humanity Terran 

Build Orders: Reaper Expand 

Get SALT Encoding   

  12  0:01  SCV  
  13  0:13  SCV  
  14  0:17  Supply Depot  
  14  0:25  SCV  
  15  0:39  SCV  
  15  0:41  Barracks  
  16  0:46  Refinery  
  16  0:51  SCV  
  17  1:03  SCV  
  18  1:15  SCV  
  19  1:28  Orbital Command  
  19  1:31  Reaper  
  20  1:42  Command Center  
  20  1:51  Supply Depot  
  20  1:54  SCV  
  21  2:05  Barracks Reactor  
  21  2:10  Barracks  
  21  2:14  SCV  
  21  2:15  Refinery  
  22  2:26  SCV  
  22  2:38  SCV  
  22  2:58  Marine x2  
  22  3:00  SCV  
  17  3:13  SCV  
Show
View Real Time Build Order
Export as new Build Order

wootwoot Protoss - Winner!

Build Orders:  

Get SALT Encoding   

  12  0:00  Probe  
  13  0:12  Probe  
  14  0:19  Pylon  
  14  0:24  Probe  
  15  0:37  Gateway  
  15  0:41  Assimilator  
  15  0:49  Pylon  
  15  1:08  Gateway  
  15  1:12  Gateway  
  15  1:26  Cybernetics Core  
  15  1:37  Probe  
  16  1:49  Probe  
  16  1:50  Stalker x2  
  21  2:16  Stalker x2  
  25  2:36  Shield Battery  
  25  2:43  Stalker  
Tags
 
Add a new tag
Caveats
  • Supply blocks, unpowered buildings, or Contaminate may cause inaccurate times.
  • Supply counts are checked every 10 seconds.